[Event "*** Titled Tuesday Blitz"]
[Site "Chess.com"]
[Date "2021.02.02"]
[Round "10"]
[White "MuhittinBuker"]
[Black "akanga001"]
[Result "1-0"]
[WhiteElo "2123"]
[BlackElo "1967"]
[TimeControl "180+1"]
[EndTime "11:57:09 PST"]
[Termination "MuhittinBuker won by checkmate"]

1. c4 b6 2. Nc3 Bb7 3. d4 Nf6 4. f3 d6 5. e4 c5 6. d5 g6 7. Be3 Bg7 8. Qd2 Nbd7 9. h4 h5 10. Nh3 Ne5 11. Be2 a6 12. a4 Qd7 13.
Ng5 O-O 14. Nh3 b5 15. axb5 axb5 16. Rxa8 Rxa8 17. cxb5 Ra1+ 18. Nd1 c4 19. Qb4 Nd3+ 20.
Bxd3 cxd3 21. O-O Ne8 22. Nhf2 e6 23. Nc3 exd5 24. Rxa1 dxe4 25. Ncxe4 d5 26. Nc5 Qe7 27. Bg5 f6 28. Bd2 f5 29. Nxb7 Qxb7 30. b6 Nf6 31.
Ra7 Qb8 32. Qe7 Ne8 33. Qf7+ Kh7 34. Rb7 Qc8 35. Bc3 d4 36. Bxd4 Qc1+ 37. Kh2 Qf4+ 38.
g3 Qxd4 39. Kg2 Qe3 40. Re7 Qd4 41. b7 d2 42. Rxe8 Qxf2+ 43. Kxf2 d1=Q 44. b8=Q Qd2+ 45. Re2 Qd4+ 46. Kg2 Qd3 47. Qbg8+ Kh6 48. Qfxg7# 1-0

[Event "*** Titled Tuesday Blitz"]
[Site "Chess.com"]
[Date "2021.02.02"]
[Round "10"]
[White "ChessFighter1975"]
[Black "sorrm8thatscheckm8"]
[Result "0-1"]
[WhiteElo "2430"]
[BlackElo "2553"]
[TimeControl "180+1"]
[EndTime "11:57:10 PST"]
[Termination "sorrm8thatscheckm8 won by checkmate"]

1. d4 Nf6 2. c4 g6 3. Nc3 Bg7 4. e4 d6 5. Nge2 O-O 6. Ng3 c5 7. d5 e6 8. Be2 exd5 9. exd5 a6 10. a4 Re8 11. Bf4 Qc7 12. Qd2 Nbd7 13. O-O Ne5 14. h3 Nfd7 15. Bh6 f5 16. Bxg7 Kxg7 17. f4 Nf7 18. Bd3 Nf6 19. Rae1 Bd7 20. Qc2 Qa5 21. b3 h5 22. Kh2 h4 23. Nge2 Nh5 24. Qd2 Qd8 25. Ng1 Qf6 26. Nf3 Nxf4 27. Qxf4 Qxc3 28. Rd1 Qf6 29. Rde1 Rxe1 30. Rxe1 g5 31. Qd2 g4 32. Ng1 Ne5 33. Bc2 Re8 34. Rf1 Qg6 35.
Qf4 Qh6 36. Bxf5 g3+ 37. Kh1 Qxf4 38. Rxf4 Bxf5 39. Rxf5 Nd3 40. Nf3 Re2 41. Rg5+ Kf8 42. Rh5 Rf2 43. Rh8+ Ke7 44. Rh7+ Kd8 45. Kg1 Ra2 46. Kf1 Nf4 47. Rh8+ Kc7 48. Nxh4 Kb6 49. Nf3 Rf2+ 50. Kg1 Ne2+ 51. Kh1 Rf1+ 52. Ng1 Rxg1# 0-1

[Event "*** Titled Tuesday Blitz"]
[Site "Chess.com"]
[Date "2021.02.02"]
[Round "10"]
[White "pavelalexandru07"]
[Black "FMalexhdez"]
[Result "1-0"]
[WhiteElo "2321"]
[BlackElo "2203"]
[TimeControl "180+1"]
[EndTime "11:57:12 PST"]
[Termination "pavelalexandru07 won by resignation"]

1. e4 c5 2. Nf3 d6 3. d4 cxd4 4. Nxd4 Nf6 5. Nc3 a6 6. Bg5 e6 7.
f4 Be7 8. Qf3 Qc7 9. O-O-O Nbd7 10. g4 b5 11. Bxf6 gxf6 12. a3 Bb7 13. f5 Ne5 14.
Qh3 Qd7 15. fxe6 fxe6 16. Qh5+ Ng6 17. Bh3 O-O 18. Rhf1 b4 19. axb4 e5 20. Nf5 a5 21.
g5 Qc7 22. b5 a4 23. b6 Qxb6 24. Nxe7+ Nxe7 25. gxf6 Ng6 26. Be6+ Kh8 27. Qh6 Qc7 28.
Bf5 Qf7 29. Bxg6 Qxg6 30. Qxg6 hxg6 31. Nd5 Bxd5 32. Rxd5 Ra6 33. c4 a3 34. bxa3 Rxa3 35. Rxd6 Rc3+ 36. Kd2 Rxc4 37. Kd3 Ra4 38. Rf3 Ra3+ 39.
Ke2 Rxf3 40. Kxf3 Kg8 41. Kg4 Kf7 42. Kg5 Rh8 43. Rd7+ Ke6 44. Re7+ Kd6 45. Rg7 Rxh2 46. Kxg6 Rg2+ 47. Kf7 Kc5 48. Ke7 Rf2 49. f7 Kd4 50.
f8=Q Rxf8 51. Kxf8 Kxe4 52. Ke7 Kf3 53. Kd6 e4 54.
Rf7+ Kg2 55. Re7 e3 56. Rxe3 1-0

[Event "*** Titled Tuesday Blitz"]
[Site "Chess.com"]
[Date "2021.02.02"]
[Round "10"]
[White "GigaQuparadze"]
[Black "mbojan"]
[Result "1-0"]
[WhiteElo "2966"]
[BlackElo "2656"]
[TimeControl "180+1"]
[EndTime "11:57:14 PST"]
[Termination "GigaQuparadze won by resignation"]

1. e4 g6 2. d4 Bg7 3. Nc3 d6 4. f4 a6 5. Nf3 b5 6. Bd3 Nd7 7. e5 c5 8. dxc5 Nxc5 9. Be3 Nxd3+ 10. Qxd3 Nh6 11. exd6 Nf5 12. O-O-O O-O 13. dxe7 Qxe7 14. Nd5 Qd8 15. Bb6 Qd6 16. g4 Ne7 17. Nxe7+ Qxe7 18. h3 Bb7 19. Rhf1 Be4 20. Qd6 Rac8 21. Rf2 Qb7 22. Nd4 Rfe8 23. Ba5 Bf8 24. Qb6 Qd5 25. Nb3 Bc5 26. Nxc5 Qxc5 27. Qxc5 Rxc5 28. Re1 Rcc8 29. Bc3 Bc6 30. Rxe8+ Rxe8 31. f5 h5 32. fxg6 fxg6 33. Rf6 Be4 34. gxh5 gxh5 35. Rh6 Bf5 36. Rxh5 Bg6 37.
Rh8+ Kf7 38. Rxe8 Kxe8 39. h4 Kf7 40. Bd2 Bf5 41. Bg5 Kg6 42. b3 Be6 43. Kb2 Bd5 44. Kc3 Be4 45. Kd2 Bf5 46. c4 bxc4 47. bxc4 Be6 48. Kc3 a5 49. Kd4 Bf7 50. a3 Be6 51. c5 Kf7 52. Ke5 Bg4 53. Kd6 Ke8 54.
c6 Bf3 55. c7 Bg4 56. Kc6 Bc8 57.
h5 Kf7 58. h6 Kg6 59. Bd2 1-0

[Event "*** Titled Tuesday Blitz"]
[Site "Chess.com"]
[Date "2021.02.02"]
[Round "10"]
[White "Balla_Tamas"]
[Black "GregShahade"]
[Result "0-1"]
[WhiteElo "2496"]
[BlackElo "2665"]
[TimeControl "180+1"]
[EndTime "11:57:15 PST"]
[Termination "GregShahade won by resignation"]

1. d4 Nf6 2. c4 g6 3. Nc3 d5 4.
cxd5 Nxd5 5. Nxd5 Qxd5 6. e3 Bg7 7. Ne2 O-O 8. Nc3 Qd6 9. Be2 c5 10. Ne4 Qc7 11. Nxc5 e5 12. O-O Rd8 13. Nb3 Be6 14. Bd2 Nc6 15. Rc1 Qe7 16. Bc3 exd4 17. Nxd4 Nxd4 18.
Bxd4 Bxd4 19. exd4 Bxa2 20. Bf3 Bd5 21. Re1 Qf6 22. Rc7 Bxf3 23. Qxf3 Qxf3 24. gxf3 Rxd4 25. Rxb7 a5 26. Ree7 Rf4 27. Kg2 h5 28. Kg3 Rf5 29. Ra7 Rb8 30. Reb7 Rc8 31. Rc7 Rd8 32. Rd7 Re8 33. Re7 Rxe7 34. Rxe7 Rb5 35. Ra7 Kg7 36. h4 Kf6 37. Ra6+ Ke7 38. Ra7+ Ke6 39. Ra6+ Ke5 40. Ra7 Kf6 41. Ra6+ Kg7 42. Kg2 Rb4 43. Kg3 a4 44. f4 Kf8 45. Ra7 Kg7 46. Ra6 Rb3+ 47. f3 Rb4 48.
Ra7 Kf6 49. Ra6+ Ke7 50. Ra7+ Ke6 51. Ra6+ Kd5 52. Ra7 f5 53. Ra6 Kc4 54. Rxg6 Rxb2 55. Rg5 Rb5 56. Rxh5 a3 57. Rh8 Ra5 58. Rc8+ Kb3 59.
Rc1 Kb2 60. Rh1 a2 61. h5 a1=Q 62. Rxa1 Rxa1 63. Kh4 Rg1 64. h6 Kc3 65. Kh5 Kd4 66. h7 Ke3 67. Kh6 Kxf4 68. h8=Q Rh1+ 69. Kg7 Rxh8 70.
Kxh8 Kxf3 71. Kg7 f4 0-1

[Event "*** Titled Tuesday Blitz"]
[Site "Chess.com"]
[Date "2021.02.02"]
[Round "10"]
[White "lachesisQ"]
[Black "LiamVrolijk"]
[Result "1/2-1/2"]
[WhiteElo "3065"]
[BlackElo "2881"]
[TimeControl "180+1"]
[EndTime "11:57:16 PST"]
[Termination "Game drawn by repetition"]

1. b3 d5 2. Bb2 Bf5 3. d3 Nf6 4. Nd2 e6 5. g3 h6 6. Bg2 c6 7. Nh3 Be7 8. Nf4 Nbd7 9. e4 dxe4 10. dxe4 Bh7 11. Qe2 O-O 12. O-O Qc7 13. e5 Nd5 14. Nxd5 cxd5 15. c4 Nc5 16. cxd5 exd5 17. Qe3 Nd3 18.
Bd4 Nb4 19. Rac1 Nc2 20. e6 Qc6 21. exf7+ Rxf7 22. Qc3 Qxc3 23. Bxc3 Rd8 24. Nf3 d4 25.
Bb2 Bf6 26. Rfd1 Rfd7 27. Rd2 Nb4 28. Ba3 Nc6 29. Ne1 d3 30. Bc5 Bg5 31. f4 Bf6 32. Be3 Nd4 33. Kf2 Nc2 34. Nxc2 dxc2 35. Rcxc2 Bxc2 36.
Rxc2 Bd4 37. Bxd4 Rxd4 38. Ke3 Rd3+ 39. Ke2 R3d7 40. Be4 Kf7 41. h4 Re7 42. Ke3 Rd1 43. Re2 Kf6 44. Kf3 Rd4 45. h5 a5 46. a4 b6 47. Re3 Rb4 48. g4 Re6 49. Bd5 Rxe3+ 50. Kxe3 Ke7 51. Bc4 b5 52. Bxb5 Rxb3+ 53. Ke4 Kf6 54. Bd7 Rb4+ 55. Ke3 Ke7 56. Bc6 Ke6 57.
Be8 Kf6 58. Bd7 Ke7 59. Bc6 Kd6 60. Be8 Kc7 61. Kf3 Kd8 62. Bc6 Ke7 63. Ke3 1/2-1/2

[Event "*** Titled Tuesday Blitz"]
[Site "Chess.com"]
[Date "2021.02.02"]
[Round "10"]
[White "AliKa2810"]
[Black "SanQui14"]
[Result "0-1"]
[WhiteElo "2561"]
[BlackElo "2445"]
[TimeControl "180+1"]
[EndTime "11:57:18 PST"]
[Termination "SanQui14 won by resignation"]

1. Nf3 d5 2. g3 c6 3. Bg2 Bg4 4. O-O Nd7 5. d4 Ngf6 6. h3 Bh5 7. c4 e6 8. cxd5 exd5 9. Nc3 Bd6 10. Nh4 O-O 11. f4 Re8 12. g4 Nxg4 13. hxg4 Bxg4 14.
Qe1 Qf6 15. Nf3 Bxf3 16. Rxf3 Qxd4+ 17. e3 Qf6 18. Bd2 Nc5 19. Qg3 Nd3 20. Raf1 Nxb2 21.
e4 dxe4 22. Nxe4 Rxe4 23. Bc3 Bc5+ 24. R3f2 Bd4 25. Bxe4 Bxc3 26. Kh1 Nc4 27. Qd3 b5 28. Bxh7+ Kf8 29. Rd1 Bb4 30. Be4 Nb2 31. Qb3 Nxd1 32. Qxb4+ Qe7 33. Qxe7+ Kxe7 34. Rd2 Rd8 35. Rc2 c5 36.
Rxc5 Nf2+ 37. Kg1 Nxe4 38. Re5+ Kf6 39. Rxe4 Rd1+ 40. Kf2 Rd2+ 41. Kf3 Rxa2 42. Re5 a6 43. Rc5 g6 44. Kg4 Kg7 45. Rc7 Ra4 46. Rb7 Rd4 47. Kg5 Rd5+ 48. Kg4 Rf5 49. Rb6 a5 50.
Ra6 a4 51. Ra5 Rc5 52. Kh4 Kf6 53. Ra7 Rc4 54. Kg4 Rb4 55. Ra6+ Kg7 56. Kg5 Rb3 57.
f5 gxf5 58. Kxf5 a3 59. Ke4 b4 60. Kd4 Rb2 61. Kd3 a2 0-1

[Event "*** Titled Tuesday Blitz"]
[Site "Chess.com"]
[Date "2021.02.02"]
[Round "10"]
[White "GCamachoMartinez"]
[Black "Kale36"]
[Result "0-1"]
[WhiteElo "2397"]
[BlackElo "2291"]
[TimeControl "180+1"]
[EndTime "11:57:18 PST"]
[Termination "Kale36 won on time"]

1. d4 Nc6 2. Nf3 d5 3. Bf4 Bg4 4. e3 e6 5. Be2 Bd6 6. Bg3 Nge7 7.
Nbd2 Nf5 8. c3 O-O 9. Qc2 Nce7 10. Bxd6 cxd6 11. h3 Bxf3 12. gxf3 Ng6 13. O-O-O b5 14. e4 Nfh4 15. exd5 Qa5 16. Kb1 Rfc8 17. dxe6 fxe6 18.
Qb3 d5 19. Qxb5 Qxb5 20. Bxb5 Rab8 21. Bd7 Rxc3 22. Bxe6+ Kf8 23. Bxd5 Nf4 24. Bb3 Rd3 25. Nc4 Nxf3 26. Rxd3 Nxd3 27. h4 Nxd4 28. Rd1 Nxb3 29. Rxd3 Nc5 30. Rd5 Ne4 31. Re5 Nf6 32. Ra5 Rb4 33.
b3 Rb7 34. Kc2 Ne4 35. f3 Ng3 36. Nd6 Rd7 37. Nb5 a6 38. Rxa6 Nf5 39. h5 Ne3+ 40.
Kb2 Rd2+ 41. Kc3 Rd1 42. Ra8+ Ke7 43. Ra7+ Kf6 44. Nd4 Nd5+ 45. Kc4 Ne3+ 46. Kc5 Rc1+ 47. Kb5 Nd5 48. Ra6+ Ke5 49. Nc6+ Kf4 50. Ra4+ Kxf3 51.
Ne5+ Ke3 52. Nc4+ Ke2 53. Kc5 Nc3 54. Ra7 Ne4+ 55. Kd4 Ng3 56. Rxg7 Nf5+ 57. Ke5 Nxg7 58. h6 Ne8 59. Ke6 Rh1 60. Kf7 Nc7 61. Kg7 Rg1+ 62. Kxh7 Ne6 63. Kh8 Nf8 0-1

[Event "*** Titled Tuesday Blitz"]
[Site "Chess.com"]
[Date "2021.02.02"]
[Round "10"]
[White "Grineva_Marianna"]
[Black "Joseacorrea"]
[Result "1-0"]
[WhiteElo "2232"]
[BlackElo "2015"]
[TimeControl "180+1"]
[EndTime "11:57:19 PST"]
[Termination "Grineva_Marianna won on time"]

1. e4 c5 2. Nf3 g6 3. d4 cxd4 4. Nxd4 Bg7 5. c4 Nc6 6. Be3 d6 7. Nc3 f5 8. exf5 Bxf5 9. Nxf5 gxf5 10. Qh5+ Kf8 11. Qxf5+ Nf6 12. Bd3 Qc8 13. O-O Qxf5 14. Bxf5 Ne5 15. Be6 Nfg4 16. Bg5 Nf6 17. Rad1 h6 18.
Be3 Neg4 19. Bd4 h5 20. h3 Nh6 21. Nd5 Ne4 22. Nc7 Rd8 23. Bd5 Bxd4 24. Rxd4 Nc5 25.
b4 e5 26. Rd2 Nd7 27. Ne6+ Ke7 28. Nxd8 Rxd8 29. Bxb7 Nf6 30. Bf3 Nf5 31. c5 Nd4 32. c6 d5 33. Re1 Kd6 34. b5 Nxb5 35. c7 Nxc7 36. Rc2 Ne6 37. Rec1 Nd4 38. Rc7 Rd7 39.
Rc8 e4 40. Bd1 Ke5 41. Rh8 Kf4 42. Kf1 e3 43. fxe3+ Kxe3 44. Bxh5 Ne4 45. Bf3 Nxf3 46. gxf3 Kxf3 47. Rf8+ Ke3 48. Re1+ Kd2 49. Re2+ Kd3 50.
Rf3+ Kd4 51. h4 Rh7 52. Rh3 a5 53. h5 Rf7+ 54. Ke1 1-0

[Event "*** Titled Tuesday Blitz"]
[Site "Chess.com"]
[Date "2021.02.02"]
[Round "10"]
[White "Chernobay_Artem"]
[Black "dretch"]
[Result "0-1"]
[WhiteElo "2626"]
[BlackElo "2856"]
[TimeControl "180+1"]
[EndTime "11:57:20 PST"]
[Termination "dretch won by resignation"]

1. d4 d5 2. c4 c6 3. Nf3 Nf6 4.
Nc3 dxc4 5. a4 Bf5 6. e3 e6 7. Bxc4 Bb4 8. O-O Nbd7 9. Qe2 O-O 10. e4 Bg4 11. Bd3 e5 12. Be3 exd4 13. Bxd4 Nc5 14. Bxc5 Bxc5 15. e5 Re8 16. Rfe1 Qc7 17. Ne4 Rxe5 18.
Nxf6+ gxf6 19. Qd2 Rh5 20. Be2 Bxf3 21. Bxf3 Qxh2+ 22. Kf1 Qh1+ 23. Ke2 Re5+ 24. Kd1 Rxe1+ 25. Qxe1 Qh4 26.
Kc2 Bxf2 27. Qe2 Rd8 28. Be4 Re8 29. Rf1 Bg3 30. Kd3 Kf8 31. Qf3 Be5 32. g4 Rd8+ 33.
Kc2 Rd4 34. Bf5 Rxa4 35. Qb3 Rd4 36. Qxb7 Qh2+ 37. Kb1 Qe2 38. Rh1 Rd1+ 39. Rxd1 Qxd1+ 40. Ka2 Qa4+ 41. Kb1 Kg7 42. Bc2 Qxg4 43. Qxc6 h5 44. Bb3 h4 45. Qb7 Qg6+ 46. Ka2 h3 47. Bd5 h2 48.
Qxa7 Qh5 49. Qb7 Kh6 50. Qa8 Kg5 51. Qg8+ Kf4 52. Qg2 f5 53. Qf2+ Kg5 54. Qg2+ Kf6 55. Qf2 Qg4 56. Qb6+ Kg7 57. Qe3 Qa4+ 58. Kb1 Qd1+ 59.
Ka2 Qxd5+ 0-1

[Event "*** Titled Tuesday Blitz"]
[Site "Chess.com"]
[Date "2021.02.02"]
[Round "10"]
[White "rachidhuilda"]
[Black "Trickster_Pony"]
[Result "0-1"]
[WhiteElo "2200"]
[BlackElo "1490"]
[TimeControl "180+1"]
[EndTime "11:57:20 PST"]
[Termination "Trickster_Pony won by resignation"]

1. d4 d5 2. c4 Nc6 3. Nc3 e5 4.
cxd5 Nxd4 5. e3 Nf5 6. Bb5+ Bd7 7. Qa4 Nf6 8. Nf3 Bd6 9. Bxd7+ Qxd7 10. Qxd7+ Kxd7 11. O-O Rhe8 12. e4 Nd4 13. Bg5 h6 14.
Bxf6 gxf6 15. Nh4 Rg8 16. g3 h5 17. Rad1 a6 18. Kg2 Rg7 19. Rfe1 Rag8 20. Ne2 Nc2 21. Rf1 Rg4 22. Kh3 Rxe4 23. Nc3 Reg4 24. Nf5 R4g5 25. Nh6 R8g6 26. Nxf7 Rf5 27. Nxd6 cxd6 28. Ne4 h4 29. Rd2 Nb4 30. a3 hxg3 31. hxg3 Rh5+ 32. Kg2 Rh4 33. Nc3 Rd4 34. Re2 Nd3 35. Rd2 Nf4+ 36. Kf3 Rxd2 37. gxf4 Rd3+ 38. Ke2 Rd4 39. Ke3 Rg4 40. f3 Rgxf4 41. Ne4 f5 42. Nf6+ Ke7 43. Nh5 Rh4 44. Ng7 Rh3 45. Nxf5+ Kf6 46. Nxd4 exd4+ 47. Ke4 Rh4+ 48. f4 Rh5 49. Rd1 Rh2 50. b4 Ra2 51. Rd3 Re2+ 52. Kxd4 Kf5 53. Rc3 Kxf4 54. Rc7 Rd2+ 55.
Kc4 Rc2+ 56. Kd4 Rxc7 57. Kd3 Ke5 58. a4 Kxd5 59. b5 axb5 60. a5 Rc5 0-1

[Event "*** Titled Tuesday Blitz"]
[Site "Chess.com"]
[Date "2021.02.02"]
[Round "10"]
[White "sokidze"]
[Black "EugeneRougon"]
[Result "0-1"]
[WhiteElo "2520"]
[BlackElo "2724"]
[TimeControl "180+1"]
[EndTime "11:57:22 PST"]
[Termination "EugeneRougon won by resignation"]

1. d4 d6 2. e4 g6 3. Nc3 Nf6 4. g3 Bg7 5. Bg2 O-O 6. Nge2 e5 7. h3 exd4 8. Nxd4 Re8 9. O-O Nc6 10. Nde2 Bd7 11. g4 b5 12. Ng3 b4 13. Nce2 h6 14.
f4 Qb8 15. Be3 Qb5 16. Qd3 a6 17. Rad1 Rad8 18. b3 Ne7 19. Nd4 Qxd3 20. cxd3 c5 21.
Nf3 Ned5 22. Bd2 Nc3 23. Bxc3 bxc3 24. Rc1 Bb5 25. Rfd1 Nd7 26. Ne2 d5 27. Nxc3 Bxc3 28. Rxc3 dxe4 29. dxe4 Rxe4 30. a4 Be2 31. Rd2 Kg7 32.
Ne5 Nxe5 33. Rxd8 Rxf4 34. Rxc5 Nf3+ 35. Kf2 Nh4+ 36. Kxe2 Nxg2 37. Rd3 Rf6 38. Rf3 Nf4+ 39.
Kf1 g5 40. h4 Kg6 41. h5+ Kg7 42. b4 Rd6 43. b5 axb5 44. axb5 Rd1+ 45. Kf2 Rb1 46.
Re3 Ne6 47. Rd5 Rb4 48. Kg3 Kf6 49. Rf3+ Nf4 50. Rf5+ Kg7 51. Rc3 Ne2+ 52. Kf3 Nxc3 53. Ke3 Rxb5 54. Rf1 Nd5+ 55. Kd4 Nf6 56. Rg1 Rb4+ 57.
Ke3 Rxg4 58. Re1 Nxh5 0-1

[Event "*** Titled Tuesday Blitz"]
[Site "Chess.com"]
[Date "2021.02.02"]
[Round "10"]
[White "druskacik"]
[Black "anon481216"]
[Result "0-1"]
[WhiteElo "2571"]
[BlackElo "2479"]
[TimeControl "180+1"]
[EndTime "11:57:22 PST"]
[Termination "anon481216 won by resignation"]

1. d4 Nf6 2. Bg5 Ne4 3. Bf4 d5 4. e3 c5 5. Nd2 Nxd2 6. Qxd2 Nc6 7. c3 Bf5 8. Bd3 Bxd3 9. Qxd3 e6 10. Nf3 cxd4 11. Nxd4 Nxd4 12. cxd4 Bb4+ 13. Ke2 O-O 14. Rhc1 Rc8 15. Qb5 Qe7 16. a3 Bd6 17. Bg3 Bxg3 18.
hxg3 Rc7 19. Rxc7 Qxc7 20. Qc5 Rc8 21. Rc1 Qxc5 22. dxc5 Kf8 23. b4 Ke7 24. Kd3 e5 25. g4 h6 26. Rh1 f6 27. Rc1 Ke6 28. f3 a6 29. a4 Rc7 30. Rc2 Rc8 31. Rc3 Rc7 32. Rc2 Rc8 33. Rb2 Rc7 34. Rb1 a5 35.
bxa5 Rxc5 36. Rb6+ Kf7 37. Rxb7+ Kg6 38. Rb5 Rc4 39.
Rxd5 Rxa4 40. g3 h5 41. gxh5+ Kxh5 42. Rc5 Ra3+ 43. Ke4 Kg6 44. f4 exf4 45. gxf4 Ra4+ 46. Kf3 Ra3 47. Rb5 Kh6 48. Ke4 Kg6 49. Kd4 Ra4+ 50.
Kc5 Re4 51. Rb3 Ra4 52. Kb6 Kf5 53. a6 Ke4 54. Rb4+ Rxb4+ 55. Ka5 Rb1 56. a7 Ra1+ 57. Kb6 Kxe3 58. Kb7 Kxf4 59. a8=Q Rxa8 60. Kxa8 g5 61. Kb7 g4 62. Kc6 g3 63. Kd6 g2 64. Ke6 g1=Q 0-1

[Event "*** Titled Tuesday Blitz"]
[Site "Chess.com"]
[Date "2021.02.02"]
[Round "10"]
[White "Zhigalko_Sergei"]
[Black "KaterinaMiroshnik"]
[Result "1-0"]
[WhiteElo "2882"]
[BlackElo "2610"]
[TimeControl "180+1"]
[EndTime "11:57:23 PST"]
[Termination "Zhigalko_Sergei won by resignation"]

1. e4 e6 2. d4 d5 3. e5 c5 4. c3 Nc6 5. Nf3 Nge7 6. Na3 cxd4 7. cxd4 Nf5 8. Nc2 Qb6 9. Bd3 Be7 10. O-O h6 11. Rb1 a5 12. g4 Nh4 13. Nxh4 Bxh4 14. f4 Be7 15. Be3 Bd7 16. a3 a4 17. Qe2 Na5 18. f5 O-O-O 19. Kh1 Nb3 20. Rbd1 Kb8 21. f6 gxf6 22. exf6 Bd6 23. Bf4 Bxf4 24. Rxf4 Rdg8 25. Qe5+ Qc7 26. h4 Qxe5 27. dxe5 Rc8 28. Nd4 Nxd4 29. Rxd4 Rc5 30. Kg2 Bb5 31. Bxb5 Rxb5 32. R1d2 Rb3 33. Re2 b5 34. Rc2 Rg8 35. Rf4 Re3 36. Rb4 Rxe5 37. Rxb5+ Ka7 38. Kf3 Re4 39. Rc7+ Ka6 40. Rb4 Rxb4 41.
axb4 Rf8 42. g5 hxg5 43. hxg5 Kb5 44. Rb7+ Kc4 45. Kf4 Kd4 46. b5 e5+ 47. Kf5 e4 48. Re7 e3 49. b6 Kd3 50. b7 e2 51. g6 fxg6+ 52. Kxg6 Kd2 53. f7 d4 54. Kg7 Rxf7+ 55.
Kxf7 e1=Q 56. Rxe1 Kxe1 57. b8=Q d3 58. Qe5+ Kf2 59.
Qd4+ Ke2 60. Qe4+ Kd2 61. Qxa4 Ke2 62. Qe4+ 1-0

[Event "*** Titled Tuesday Blitz"]
[Site "Chess.com"]
[Date "2021.02.02"]
[Round "10"]
[White "GMJustin"]
[Black "LenkaPtacnikova"]
[Result "0-1"]
[WhiteElo "2281"]
[BlackElo "2134"]
[TimeControl "180+1"]
[EndTime "11:57:23 PST"]
[Termination "LenkaPtacnikova won on time"]

1. e4 c5 2. Nf3 e6 3. d4 cxd4 4.
Nxd4 Nf6 5. Nc3 Nc6 6. Nxc6 bxc6 7. e5 Nd5 8. Ne4 Bb7 9. Be2 Qc7 10. Nd6+ Bxd6 11. exd6 Qa5+ 12. c3 c5 13. O-O Qb6 14. c4 Nf6 15. Be3 Ne4 16. f3 Nxd6 17. b4 Nf5 18. Bxc5 Qc7 19. Bd3 d6 20. Bf2 Ne7 21. Rc1 Nc6 22. a3 Ne5 23. Be2 O-O 24.
c5 d5 25. Bg3 f6 26. f4 Nc4 27.
f5 e5 28. Bxc4 dxc4 29. Qe2 Bd5 30. Rfd1 Qc6 31. Rxc4 Bxc4 32. Qxc4+ Kh8 33. Rd6 Qc8 34. b5 Qxf5 35. h3 Rac8 36. c6 Qb1+ 37. Kh2 f5 38.
Rd7 f4 39. Bf2 Qb2 40. Bc5 Rfe8 41. Qe4 Rg8 42. a4 Qc3 43. Bd6 Qg3+ 44. Kh1 f3 45. Qxf3 Qxf3 46. gxf3 Rgf8 47. Bxe5 Rxf3 48. Rxg7 Re3 49.
Re7+ Kg8 50. c7 Kf8 51. Re6 Kf7 52. Rf6+ Ke7 53. Bd4 Rd3 54. Rf4 Kd6 55. Rh4 Rxc7 56. Rh6+ Kd5 0-1

[Event "*** Titled Tuesday Blitz"]
[Site "Chess.com"]
[Date "2021.02.02"]
[Round "10"]
[White "EfrenRamos1"]
[Black "bylavochka"]
[Result "1-0"]
[WhiteElo "2260"]
[BlackElo "2096"]
[TimeControl "180+1"]
[EndTime "11:57:23 PST"]
[Termination "EfrenRamos1 won on time"]

1. e4 c5 2. Nc3 Nc6 3. Bb5 g6 4. Bxc6 bxc6 5. d4 cxd4 6. Qxd4 Nf6 7. Be3 Bg7 8. Qd2 O-O 9. f3 d6 10. Nge2 Qa5 11. O-O Rb8 12. Rab1 Nd7 13. Nd5 Qd8 14. Ndc3 Qa5 15. b4 Qa6 16. a4 Ne5 17. b5 cxb5 18. axb5 Qb7 19. Qd5 Be6 20. Qxb7 Rxb7 21. Nd4 Nc4 22.
Kf2 Nxe3 23. Kxe3 Rc8 24. Nd5 Bxd5 25. exd5 Rc3+ 26. Ke4 f5+ 27. Nxf5 gxf5+ 28. Kxf5 Rxc2 29. g4 Rd2 30. Ke6 Re2+ 31. Kf5 Re5+ 32. Kf4 Rxd5 33. Rfc1 Rdxb5 34. Rc8+ Kf7 35. Rxb5 Rxb5 36. Rc7 a5 37. g5 h6 38. h4 hxg5+ 39. hxg5 a4 40. Ra7 Rb4+ 41. Kg3 Bb2 42. f4 a3 43. f5 Rb5 44. Kg4 Rb4+ 45. Kh5 Bc1 46. f6 Re4 47. Rc7 a2 48. Rxc1 exf6 49. g6+ Kg8 50. Rc8+ Kg7 51. Rc7+ Kf8 52. Rc8+ Kg7 53. Rc7+ Kg8 54. Ra7 Re2 55. Kg4 Rg2+ 56. Kf5 Rf2+ 57. Ke6 1-0

[Event "*** Titled Tuesday Blitz"]
[Site "Chess.com"]
[Date "2021.02.02"]
[Round "10"]
[White "Witik"]
[Black "maximnovik"]
[Result "0-1"]
[WhiteElo "2745"]
[BlackElo "2579"]
[TimeControl "180+1"]
[EndTime "11:57:24 PST"]
[Termination "maximnovik won by resignation"]

1. e4 c6 2. d4 d5 3. e5 Bf5 4. h4 h6 5. g4 Bd7 6. Nd2 c5 7. dxc5 Nc6 8. f4 h5 9. gxh5 Nh6 10. Nb3 Bf5 11. Bb5 e6 12. Be3 Be4 13. Nf3 Nf5 14.
Bf2 Rxh5 15. Qe2 a6 16. Bd3 Bxd3 17. Qxd3 g6 18. O-O-O Bh6 19. Ng5 Bxg5 20. hxg5 Rxh1 21. Rxh1 Ke7 22. a3 Qd7 23. Rd1 Rh8 24. c4 d4 25. Qe4 Rh2 26. Bg1 Rh3 27. Kc2 Kf8 28. Nc1 a5 29. Re1 Nce7 30. Nd3 Qa4+ 31. Kd2 Qxc4 32.
Rc1 Qb3 33. Bf2 Nd5 34. Bxd4 Rh2+ 35. Bf2 Rh3 36. Qc4 Rxd3+ 37. Qxd3 Qxb2+ 38. Rc2 Qa1 39. c6 bxc6 40. Rxc6 Kg7 41. Rc2 Qh1 42. Qe2 Qh2 43. Bc5 Qxf4+ 44. Ke1 Ng3 45. Qf2 Qe4+ 46. Kd1 Nf5 47. Kc1 Nf4 48. Bb6 Nd3+ 49. Kd2 Nxf2 50. Bxf2 Qd5+ 51. Ke1 Qxe5+ 52. Re2 Qf4 53. Be3 Qf3 54.
Kd2 Nxe3 55. Rxe3 Qf4 56. Kd3 Qxg5 57. Re4 Qd5+ 58. Rd4 Qb3+ 59. Ke4 Qxa3 0-1

[Event "*** Titled Tuesday Blitz"]
[Site "Chess.com"]
[Date "2021.02.02"]
[Round "10"]
[White "Goryachkina"]
[Black "Bastiandash"]
[Result "1-0"]
[WhiteElo "2660"]
[BlackElo "2489"]
[TimeControl "180+1"]
[EndTime "11:57:25 PST"]
[Termination "Goryachkina won by resignation"]

1. e4 c6 2. d4 d5 3. e5 Bf5 4. Nf3 e6 5. Be2 h6 6. O-O Ne7 7. Nbd2 Nd7 8. Nb3 c5 9. Nxc5 Nxc5 10. dxc5 Nc6 11. Be3 Qc7 12. c3 Bg4 13. Nd4 Bxe2 14. Qxe2 Qxe5 15. Nxc6 bxc6 16. Qa6 Qc7 17. b4 Be7 18.
Bf4 Qd7 19. b5 cxb5 20. c6 Qc8 21. Qxb5 O-O 22. Rad1 Bf6 23. c4 e5 24. Bg3 Rb8 25. Qxd5 Rb6 26. Bxe5 Bxe5 27. Qxe5 Rxc6 28. Qd4 Rxc4 29.
Qxa7 Rc2 30. a4 Ra2 31. Qd4 Qa6 32. Ra1 Rxa1 33. Rxa1 Rb8 34. h3 Qc6 35. a5 Ra8 36. Qb4 Ra6 37. Rd1 Kh7 38. Qb1+ g6 39. Qb4 Qf6 40. Qb5 Rd6 41. Rxd6 Qxd6 42. a6 Qd1+ 43. Kh2 Qd6+ 44. g3 Qd2 45. Qb6 Qa2 46. a7 Kg7 47.
Kg2 Qd5+ 48. Kg1 Qd1+ 49. Kh2 Qf3 50. Qd4+ Kh7 51. Qf4 Qb7 52. Qa4 Qf3 53. a8=Q Qxf2+ 54. Qg2 Qf6 55. Qf4 Qe6 56. Qgf2 Kg7 57. Q4d4+ Kh7 58. Qdf6 Qxf6 59. Qxf6 Kg8 60. h4 1-0

[Event "*** Titled Tuesday Blitz"]
[Site "Chess.com"]
[Date "2021.02.02"]
[Round "10"]
[White "Ariadna_Atreides"]
[Black "MF1966Idrisov"]
[Result "0-1"]
[WhiteElo "2182"]
[BlackElo "2389"]
[TimeControl "180+1"]
[EndTime "11:57:25 PST"]
[Termination "MF1966Idrisov won on time"]

1. Nf3 d6 2. d4 f5 3. c4 e6 4. g3 Nf6 5. Bg2 Be7 6. O-O O-O 7. b3 Ne4 8. Bb2 Bf6 9. Nfd2 Nxd2 10. Nxd2 Nc6 11.
e3 e5 12. d5 Ne7 13. Nf3 g5 14. Qc2 Ng6 15. c5 g4 16. Nd2 f4 17. exf4 exf4 18. Bxf6 Qxf6 19. Be4 Bf5 20. Rac1 Rae8 21. Bxf5 Qxf5 22.
Qxf5 Rxf5 23. cxd6 cxd6 24. Rc7 Re7 25. Rfc1 Rxd5 26.
Nf1 Rde5 27. Rxe7 Rxe7 28. Rc8+ Kg7 29. gxf4 Nxf4 30. Ne3 Nh3+ 31. Kg2 Rf7 32. Nxg4 Nf4+ 33. Kg3 h5 34. Ne3 Nd3 35. Rd8 Nxf2 36. Kh4 Ne4 37.
Kxh5 Rf3 38. Rd7+ Kf6 39. Ng4+ Ke6 40. Rxb7 Rh3+ 41. Kg6 Rh4 42. Ne3 Rh3 43. Ng4 Rh4 44. Ne3 Rxh2 45. Rxa7 Re2 46. Ng4 Rg2 47. Kh5 d5 48.
Ra8 Ng3+ 49. Kg5 Ne4+ 50. Kf4 Nd6 51. a4 d4 52. a5 d3 53. Re8+ Nxe8 54. Ne3 d2 55. a6 Nc7 56. b4 Nd5+ 57. Nxd5 d1=Q 58. Nc7+ Kd7 59. a7 Qf1+ 60. Ke5 Re2+ 61. Kd4 Qd1+ 62. Kc5 Rc2+ 63. Kb6 Rc6+ 64. Kb5 Qd3+ 0-1